 Dungeon Crawl Stone Soup version 0.29-a0-330-g52719c12eb (webtiles) character file.

Game seed: 18061431142051171350

1250 kae the Firebug (level 8, -18/53 HPs)
             Began as an Octopode Fire Elementalist on Apr 18, 2022.
             Was an Initiate of Ashenzari.
             Killed from afar by a steam dragon (24 damage)
             ... with a ball of steam
             ... on level 6 of the Dungeon.
             The game lasted 00:04:14 (7465 turns).

kae the Firebug (Octopode Fire Elementalist)        Turns: 7465, Time: 00:04:14

Health: -18/53     AC:  5    Str:  8    XL:     8   Next: 50%
Magic:  10/13      EV: 14    Int: 19    God:    Ashenzari [......]
Gold:   288        SH:  0    Dex: 12    Spells: 8/14 levels left

rFire   . . .      SeeInvis .   m - staff of conjuration
rCold   + . .      Faith    .   (no shield)
rNeg    . . .      Spirit   .   (helmet restricted)
rPois   .          Reflect  .   b - amulet of magic regeneration
rElec   .          Harm     .   j - ring of protection from cold
rCorr   .          Rampage  .   c - +4 ring of protection
Will    .....                   (no ring)
Stlth   ++++......              (no ring)
HPRegen 0.17/turn               (no ring)
MPRegen 0.53/turn               (no ring)
                                (no ring)
                                (no ring)

@: no status effects
A: almost no armour, amphibious, 8 rings, camouflage 1, gelatinous body 1,
(nimble swimmer 1), tentacles
a: Renounce Religion, Curse Item


You were on level 6 of the Dungeon.
You worshipped Ashenzari.
Ashenzari was noncommittal.
You visited 2 branches of the dungeon, and saw 7 of its levels.

You collected 288 gold pieces.

Inventory:

Hand Weapons
 g - a +2 dagger of holy wrath
 l - a +1 whip of freezing
Armour
 o - a +1 kite shield
Magical Staves
 m - a staff of conjuration (weapon)
Jewellery
 b - an amulet of magic regeneration (around mantle)
 c - a +4 ring of protection (right tentacle)
 j - a ring of protection from cold (left tentacle)
Wands
 r - a wand of mindburst (8)
Scrolls
 d - a scroll of fog
 h - a scroll of teleportation
Potions
 a - a potion of magic
 e - 2 potions of curing
 f - a potion of flight {unknown}
 i - a potion of mutation
 k - a potion of berserk rage
 n - a potion of haste
 p - 2 potions of degeneration
 q - 2 potions of cancellation


   Skills:
 + Level 3.6 Fighting
 + Level 4.2 Dodging
 + Level 5.9 Stealth
 + Level 3.8 Spellcasting
 + Level 3.7 Conjurations
 * Level 6.1 Fire Magic


You had 8 spell levels left.
You knew the following spells:

 Your Spells              Type           Power      Damage    Failure   Level
a - Foxfire               Conj/Fire      100%       2x1d9     1%          1
b - Scorch                Fire           52%        2d7       1%          2
c - Conjure Flame         Conj/Fire      33%        6-21      5%          3

Your spell library contained the following spells:

 Spells                   Type           Power      Damage    Failure   Level
 Inner Flame              Hex/Fire       15%        N/A       12%         3
 Slow                     Hex            12%        N/A       14%         1
 Flame Wave               Conj/Fire      33%        2d8       19%         4
 Corpse Rot               Necr/Air       6%         N/A       22%         2
 Poisonous Vapours        Pois/Air       6%         N/A       22%         2
 Confusing Touch          Hex            3%         N/A       38%         3
 Gell's Gravitas          Tloc           3%         N/A       38%         3
 Lesser Beckoning         Tloc           3%         N/A       38%         3
 Teleport Other           Tloc           3%         N/A       38%         3
 Vampiric Draining        Necr           3%         2d6       38%         3


Dungeon Overview and Level Annotations

Branches:
Dungeon (6/15)             Temple (1/1) D:4

Altars:
Ashenzari
Cheibriados
Elyvilon
Fedhas
Gozag
Hepliaklqana
Makhleb
Nemelex Xobeh
Okawaru
Qazlal
Ru
Sif Muna
Trog
Uskayaw
Vehumet
Wu Jian
Xom
Yredelemnul
Zin
The Shining One

Shops:
D:3 (


Innate Abilities, Weirdness & Mutations

You cannot wear most types of armour.
You are amphibious.
You can wear up to eight rings at the same time.
Your skin changes colour to match your surroundings (Stealth+).
Your rubbery body absorbs attacks. (AC +1, EV +1)
((You are camouflaged when in or above water. (Stealth+)))
You have tentacles for arms and can constrict up to eight enemies at once.


Message History

The steam dragon hisses angrily.
The foxfire hits the steam dragon.
The steam dragon is lightly wounded.
There are monsters nearby!
There are monsters nearby!
Casting: Foxfire (safe; 1% risk of failure)
Confirm with . or Enter, or press ? or * to list all spells.
Flames lash the ice beast.
The ice beast melts!
The ice beast is moderately wounded.
The ice beast's fire resistance burns away.
The steam dragon bites you. The steam dragon claws you.
The steam dragon bites you. The steam dragon closely misses you.
You see here a scorpion corpse.
The steam dragon attacks as you move away!
The steam dragon closely misses you.
The steam dragon claws you but does no damage.
The steam dragon breathes steam at you. The ball of steam hits you!!
Casting: Scorch (safe; 1% risk of failure)
Confirm with . or Enter, or press ? or * to list all spells.
Flames lash the steam dragon.
The steam dragon is severely wounded.
The steam dragon's fire resistance burns away.
You are engulfed in a cloud of scalding steam.
The ice beast is no longer more vulnerable to fire.
You are engulfed in a cloud of scalding steam.
* * * LOW HITPOINT WARNING * * *
The steam dragon bites you.
* * * LOW HITPOINT WARNING * * *
The steam dragon barely misses you.
Casting: Scorch (safe; 1% risk of failure)
Confirm with . or Enter, or press ? or * to list all spells.
Flames lash the ice beast.
The ice beast melts!
The ice beast is severely wounded.
The ice beast's fire resistance burns away.
You are engulfed in a cloud of scalding steam.
* * * LOW HITPOINT WARNING * * *
The steam dragon breathes steam at you. The ball of steam hits you!!
You die...

# #.###...###
#.#####.#.........##
........#>.##...#...
..........)###.##..#
#.#######.## #.##... #.#
##.####.###.#
#.######.).........#
#####.##§§.#..####.##..#
#.[..YD@§.§.)...........
#.#..###...#.#####......
#.. #####.# #....#. #..
#.# ##...## #.. #.#
#...# #.. #.# #...# #.<
#.# ...# #.. ...


You could see a steam dragon (catching breath, combustible) and an ice beast
(combustible).

Vanquished Creatures
  Sigmund (D:2)
  A water moccasin (D:5)
  A sky beast (D:6)
  A black bear (D:5)
  2 centaurs
  A phantom (D:5)
  A kobold brigand (D:4)
  2 scorpions (D:6)
  A howler monkey (D:5)
  A jelly (D:5)
  2 hounds
  2 iguanas
  A mummy (D:3)
  Robin (D:4)
  3 gnolls (D:5)
  4 adders
  An ufetubus (D:3)
  A worm (D:4)
  2 dart slugs
  11 orcs
  7 bats
  5 endoplasms
  3 giant cockroaches
  12 goblins
  8 hobgoblins
  4 jackals (D:1)
  9 kobolds
  3 quokkas
  7 ball pythons
  8 frilled lizards
  9 rats
115 creatures vanquished.

Vanquished Creatures (others)
  293 foxfires
293 creatures vanquished.

Grand Total: 408 creatures vanquished

Notes
Turn   | Place    | Note
-------+----------+-------------------------------------------
     0 | D:1      | kae the Octopode Fire Elementalist began the quest for the
                  | Orb.
     0 | D:1      | Reached XP level 1. HP: 11/11 MP: 3/3
   676 | D:1      | Reached XP level 2. HP: 14/17 MP: 0/5
  1167 | D:1      | Reached XP level 3. HP: 18/22 MP: 3/6
  1170 | D:1      | Learned a level 2 spell: Scorch
  1174 | D:1      | Learned a level 3 spell: Conjure Flame
  1828 | D:2      | Noticed Sigmund
  1977 | D:2      | Reached skill level 1 in Fighting
  2737 | D:2      | Killed Sigmund
  2738 | D:2      | Reached skill level 4 in Fire Magic
  2738 | D:2      | Reached XP level 4. HP: 13/29 MP: 0/7
  2738 | D:2      | Reached XP level 5. HP: 15/34 MP: 0/8
  3225 | D:3      | Noticed a black bear
  3274 | D:3      | Reached XP level 6. HP: 39/39 MP: 5/9
  3337 | D:3      | Found Xessonugg's Antique Weapon Emporium.
  3601 | D:3      | Found a snail-covered altar of Cheibriados.
  4314 | D:3      | Found a faded altar of an unknown god.
  4751 | D:4      | Found a staircase to the Ecumenical Temple.
  4878 | Temple   | Entered the Ecumenical Temple
  5021 | Temple   | Became a worshipper of Ashenzari the Shackled
  5121 | D:4      | Found a white marble altar of Elyvilon.
  5560 | D:4      | Noticed Robin
  5574 | D:4      | Killed Robin
  5940 | D:4      | Reached XP level 7. HP: 45/45 MP: 11/11
  6057 | D:5      | Entered Level 5 of the Dungeon
  6179 | D:5      | Reached skill level 5 in Fire Magic
  6392 | D:5      | HP: 2/45 [centaur (6)]
  6395 | D:5      | Reached skill level 5 in Stealth
  6855 | D:5      | Reached XP level 8. HP: 14/52 MP: 7/13
  7432 | D:6      | Reached skill level 6 in Fire Magic
  7439 | D:6      | Identified the +5 rapier of Beogh's Favour {venom, rN+}
  7465 | D:6      | Killed from afar by a steam dragon

Illustrated notes

Levels and vault maps discovered:
D:1:      enne_arrival_octagon_isle, layout_loops_ring
D:2:      layout_basic, minmay_goblin_kobold_house, uniq_sigmund
D:3:      layout_basic, slow_altar_1, hellmonk_ecumenical_altar_lost_god,
          serial_shops, shop, minmay_checkerbox
D:4:      layout_loops_ring, mainiacjoe_overflow_surrounded_room,
          minmay_temple_entry_trees, uniq_robin
D:5:      layout_loops_ring
D:6:      layout_loops_ring, kennysheep_small_square
Temple:   regret_index_temple_mists

Skill      XL: |  1  2  3  4  5  6  7  8 |
---------------+-------------------------+-----
Stealth        | 3 4 5 |  5.9
Fighting       | 1 2 3 |  3.6
Conjurations   | 2 3 |  3.7
Fire Magic     | 4 5 6 |  6.1
Dodging        | 3 4 |  4.2
Spellcasting   | 3 |  3.8

Action                   |  1- 3 |  4- 6 |  7- 9 || total
-------------------------+-------+-------+-------++-------
Melee: Unarmed           |    39 |    10 |       ||    49
       Tentacles         |     7 |     5 |       ||    12
       Constrict         |     8 |     6 |       ||    14
       Punch             |       |     2 |       ||     2
       Staff             |       |    13 |     1 ||    14
       Whip              |       |     4 |       ||     4
 Cast: Foxfire           |    70 |    78 |    31 ||   179
       Scorch            |     2 |    16 |    27 ||    45
  Use: Potion            |     1 |       |     1 ||     2
       Scroll            |       |     7 |     5 ||    12
 Stab: Sleeping          |     1 |       |       ||     1
Armor: Skin              |     6 |     2 |    15 ||    23
Dodge: Dodged            |    34 |    39 |    40 ||   113

Table legend: (Time is in decaauts)
 A = Elapsed time spent in this place.
 B = Non-inter-level travel time spent in this place.
 C = Inter-level travel time spent in this place.
 D = Time resting spent in this place.
 E = Time spent auto-exploring this place.
 F = Levels seen in this place.
 G = Mean time per level.
                   A        B        C        D        E       F      G
               +--------+--------+--------+--------+--------+-----+--------+
         Total |   7470 |   6988 |    482 |    733 |   5276 |   7 | 1067.1 |
       Dungeon |   7311 |   6881 |    430 |    733 |   5183 |   6 | 1218.5 |
        Temple |    159 |    108 |     51 |      0 |     93 |   1 |  159.0 |
               +--------+--------+--------+--------+--------+-----+--------+

Top non-repeatable levels by time:
     D:1: 1966 daAuts
     D:2: 1430 daAuts
     D:4: 1297 daAuts
     D:3: 1209 daAuts
     D:5: 1066 daAuts
     D:6: 341 daAuts
  Temple: 159 daAuts
